 Dungeon Crawl Stone Soup version 0.13-b1-23-g6bc71ad (webtiles) character file.

274 Kae the Ruinous (level 5, 0/28 HPs)
             Began as a Tengu Fire Elementalist on Oct 1, 2013.
             Succumbed to poison (a potion of poison)
             ... on Level 3 of the Dungeon.
             The game lasted 00:04:37 (2516 turns).

Kae the Ruinous (Tengu Fire Elementalist)           Turns: 2516, Time: 00:04:37

HP   0/28        AC  2     Str  9      XL: 5   Next: 17%
MP   0/11        EV 12     Int 16      God:
Gold 140         SH  0     Dex 14      Spells:  3 memorised,  2 levels left

Res.Fire  : . . .   See Invis. : .   j - +0 short sword (venom)
Res.Cold  : . . .   Warding    : .   a - +0 robe
Life Prot.: . . .   Conserve   : .   (no shield)
Res.Poison: .       Res.Corr.  : .   (helmet restricted)
Res.Elec. : .       Clarity    : .   (no cloak)
Sust.Abil.: . .     Spirit.Shd : .   (no gloves)
Res.Mut.  : .       Stasis     : .   (boots unavailable)
Res.Rott. : .       Flight     : .   (no amulet)
Saprovore : . . .                    (no ring)
                                     (no ring)

@: mildly poisoned, very slightly contaminated, hasted and slowed, slightly
resistant to hostile enchantments, fairly stealthy
A: able to fly, beak, talons 3
a: Fly


You were on level 3 of the Dungeon.
You were hungry.

You visited 1 branch of the dungeon, and saw 3 of its levels.

You collected 120 gold pieces.

Inventory:

Hand weapons
 g - a +0,+0 short sword
 j - a +0,+0 short sword of venom (weapon)
 w - a -1,+4 orcish dagger (quivered)
Armour
 a - a +0 robe (worn)
Comestibles
 c - 2 bread rations
 p - an apple
 t - a lemon
 u - a slice of pizza
 x - a chunk of orc flesh
Scrolls
 d - 3 scrolls of identify {unknown}
 f - a scroll of magic mapping {unknown}
 i - a scroll of random uselessness {unknown}
 k - a scroll of curse jewellery {unknown}
 o - 2 scrolls of remove curse {unknown}
 s - a scroll of amnesia {unknown}
 v - a scroll of teleportation {unknown}
Jewellery
 m - an uncursed ring of protection from cold {unknown}
 q - an uncursed amulet of resist corrosion {unknown}
Potions
 n - a potion of poison
Books
 b - a book of Flames

   Spells                             Type                      Level
   *Flame Tongue                      Conjuration/Fire             1
   *Throw Flame                       Conjuration/Fire             2
   *Conjure Flame                     Conjuration/Fire             3
   Inner Flame                        Hexes/Fire                   3
   Sticky Flame                       Conjuration/Fire             4
   Fireball                           Conjuration/Fire             5


   Skills:
 - Level 2.1 Dodging
 - Level 2.0 Stealth
 + Level 2.1 Spellcasting
 * Level 4.7 Conjurations
 + Level 4.2 Fire Magic


You had 2 spell levels left.
You knew the following spells:

 Your Spells              Type           Power        Failure   Level  Hunger
a - Flame Tongue          Conj/Fire      ###..        3%          1    #......
b - Throw Flame           Conj/Fire      ###...       6%          2    ###....
c - Conjure Flame         Conj/Fire      ###.....     12%         3    ####...


Dungeon Overview and Level Annotations

Branches:
Dungeon (3/27)

Altars:
Kikubaaqudgha


Innate Abilities, Weirdness & Mutations

You can fly.
You have a beak for a mouth.
You have claws for feet.


Message History

The flame hits the orc.
You kill the orc!
You are feeling hungry.
* * * LOW HITPOINT WARNING * * *
You feel sick.
The orc wizard hits you but does no damage.
Casting: Flame Tongue
Confirm with . or Enter, or press ? or * to list all spells.
You don't have enough magic to cast that spell.
You barely miss the orc wizard. Your kick misses the orc wizard.
The orc wizard hits you with an orcish dagger.
* * * LOW HITPOINT WARNING * * *
You hit the orc wizard.
The orc wizard is poisoned.
Your peck misses the orc wizard.
The orc wizard is heavily wounded.
The orc wizard hits you with an orcish dagger.
* * * LOW HITPOINT WARNING * * *
You barely miss the orc wizard.
The orc wizard is heavily wounded.
You die...

. #.# #. ...# #.# #. ...#
#####.# #< ..# #.....# #.
..# #..>..# #. #.# #.....#
#. #.# #.....# #. #
#######.####.....###### #.
. .............%@.......>#
#. #
#######.####o.)..####.# #.
####### #.# ####..# #.# #.
.).)..####<#######..# #.#
..%.................# #.#
......####.#######.## ##<##
####### #.# #.# #...# #.#
#.# #...#
##########.#######.####...#


You could see an orc wizard.

Vanquished Creatures
  A hound (D:3)
  An orc wizard (D:3)
  2 adders (D:2)
  A giant mite (D:3)
  A giant gecko (D:3)
  An ooze (D:1)
  10 orcs (D:3)
  A giant cockroach (D:3)
  7 goblins
  6 hobgoblins
  A quokka (D:3)
  2 ball pythons (D:1)
  4 bats
  2 giant newts (D:1)
  5 kobolds
  4 rats
49 creatures vanquished.

Notes
Turn   | Place    | Note
--------------------------------------------------------------
     0 | D:1      | Kae, the Tengu Fire Elementalist, began the quest for the Orb.
     0 | D:1      | Reached XP level 1. HP: 10/10 MP: 3/3
   252 | D:1      | Reached XP level 2. HP: 13/15 MP: 0/5
  1113 | D:2      | Found an ancient bone altar of Kikubaaqudgha.
  1148 | D:2      | Reached XP level 3. HP: 15/19 MP: 4/7
  1546 | D:3      | Reached skill level 4 in Fire Magic
  1546 | D:3      | Reached XP level 4. HP: 13/24 MP: 0/8
  1750 | D:3      | Learned a level 2 spell: Throw Flame
  1754 | D:3      | Learned a level 3 spell: Conjure Flame
  1782 | D:3      | HP: 1/24 [orc wizard/magic dart (3)]
  2380 | D:3      | Reached XP level 5. HP: 28/28 MP: 8/11
  2515 | D:3      | HP: 1/28 [orc wizard/orcish dagger (1)]
  2516 | D:3      | Succumbed to poison (a potion of poison)

Action                   |  1- 3 |  4- 6 || total
-------------------------+-------+-------++-------
Melee: Unarmed           |     9 |       ||     9
       Short sword       |     3 |    13 ||    16
 Cast: Flame Tongue      |    37 |    43 ||    80
       Conjure Flame     |       |     2 ||     2
       Throw Flame       |       |     2 ||     2
  Use: Potion            |       |     6 ||     6
 Stab: Sleeping          |     2 |       ||     2
